 Dungeon Crawl Stone Soup version 0.30-a0-726-gd89dcf765f (webtiles) character file.

Game seed: 4163078038002257989

1253 timneilson the Shield-Bearer (level 8, 0/48 HPs)
             Began as a Gargoyle Fighter on Jan 29, 2023.
             Slain by an orc priest
             ... wielding a +0 flail
              (4 damage)
             ... on level 5 of the Dungeon.
             The game lasted 00:10:20 (3361 turns).

timneilson the Shield-Bearer (Gargoyle Fighter)     Turns: 3361, Time: 00:10:20

Health: 0/48       AC: 19    Str: 22    XL:     8   Next: 51%
Magic:  8/8        EV:  8    Int:  9    God:
Gold:   229        SH:  5    Dex:  9    Spells: 7/7 levels left

rFire   . . .      SeeInvis .    e - +1 double sword (heavy)
rCold   . . .      Faith    .    c - +0 buckler
rNeg    + . .      Spirit   .    j - +4 chain mail {rPois}
rPois   ∞          Reflect  .    (no helmet)
rElec   +          Harm     .    (no cloak)
rCorr   .          Rampage  .    (no gloves)
Will    .....                    (no boots) Stlth
                                 h - amulet of regeneration
HPRegen 1.08/turn                (no ring)
MPRegen 0.11/turn                (no ring)

@: no status effects
A: sickness immunity, AC +5, negative energy resistance 1, electricity
resistance, torment resistance 1, petrification resistance
a: no special abilities


You were on level 5 of the Dungeon.
You visited 1 branch of the dungeon, and saw 5 of its levels.
You also visited: Ossuary.

You collected 229 gold pieces.

Inventory:

Hand Weapons
 a - a +0 long sword of freezing
 e - a +1 heavy double sword (weapon)
Missiles
 l - 2 throwing nets (quivered)
Armour
 b - a +0 plate armour
 c - a +0 buckler (worn)
 j - a +4 chain mail of poison resistance (worn)
Jewellery
 h - an amulet of regeneration (around neck)
Scrolls
 m - 4 scrolls of identify
 o - 2 scrolls of fog
Potions
 d - a potion of cancellation
 f - 2 potions of curing
 i - a potion of heal wounds
 k - 2 potions of brilliance
 n - a potion of degeneration {unknown}
 p - 2 potions of might
 q - a potion of mutation {unknown}
 r - 2 potions of invisibility {unknown}
 s - 2 potions of flight {unknown}


   Skills:
 + Level 4.9 Fighting
 * Level 4.9 Long Blades
 * Level 6.3 Armour
 + Level 2.5 Dodging
 * Level 6.4 Shields


You had 7 spell levels left.
You didn't know any spells.
Your spell library contained the following spells:

 Spells                   Type           Power      Damage    Failure   Level
 Lesser Beckoning         Tloc           0%         N/A       99%         2
 Wereblood                Tmut           0%         N/A       99%         2
 Gell's Gravitas          Tloc           0%         N/A       100%        3
 Ozocubu's Armour         Ice            0%         N/A       100%        3
 Teleport Other           Tloc           0%         N/A       100%        3
 Tukima's Dance           Hex            0%         N/A       100%        3
 Animate Dead             Necr           0%         N/A       100%        4
 Passage of Golubria      Tloc           0%         N/A       100%        4
 Alistair's Intoxication  Tmut/Pois      0%         N/A       100%        5
 Borgnjor's Vile Clutch   Necr/Erth      0%         N/A       100%        5
 Metabolic Englaciation   Hex/Ice        0%         N/A       100%        5
 Yara's Violent Unravell  Hex/Tmut       0%         3d3       100%        5
 Death Channel            Necr           0%         N/A       100%        6
 Eringya's Noxious Bog    Tmut/Pois      0%         N/A       100%        6
 Simulacrum               Ice/Necr       0%         N/A       100%        6
 Summon Hydra             Summ           0%         N/A       100%        7
 Sublimation of Blood     Necr           Unusable   N/A       N/A         2

Dungeon Overview and Level Annotations

Branches:
Dungeon (6/15)            Ossuary (visited)
 Temple: D:4-7

Altars:
Cheibriados


Innate Abilities, Weirdness & Mutations

You are immune to sickness and miasma.
Your stone body is resilient. (AC +5)
You are immune to poison.
You resist negative energy. (rN+)
You are resistant to electric shocks. (rElec)
You are resistant to unholy torment.
You are immune to petrification.


Message History

The necrophage hits you but does no damage.
The orc hits you with a +0 club. The orc hits you but does no damage.
The hound barely misses you.
The quokka bites you but does no damage.
You slice the quokka!!
You kill the quokka!
The hound barely misses you. You block the orc's attack.
The necrophage barely misses you. The orc barely misses you.
The orc hits you but does no damage. The orc hits you with a +0 club.
The orc wizard barely misses you. The hound barely misses you.
The orc wizard closely misses you. You block the orc's attack.
The orc hits you but does no damage. The orc priest barely misses you.
The necrophage hits you. The orc hits you but does no damage.
The orc closely misses you. The hound completely misses you.
You closely miss the orc priest. The hound bites you.
The orc priest mumbles some strange prayers to Beogh against you.
Pain shoots through your body! The orc misses you.
The necrophage hits you but does no damage.
The orc hits you with a +0 hand axe.
* * * LOW HITPOINT WARNING * * *
The orc closely misses you. You block the orc's attack.
The orc wizard casts a spell.
The orc wizard flickers and vanishes!
Deactivating autopickup; reactivate with Ctrl-A.
The hound bites you but does no damage. The orc barely misses you.
Something hits you but does no damage.
The orc priest hits you with a +0 flail.
* * * LOW HITPOINT WARNING * * *
The orc hits you but does no damage. The necrophage hits you.
* * * LOW HITPOINT WARNING * * *
You block the orc's attack. The orc hits you but does no damage.
You barely miss the orc priest. The hound bites you but does no damage.
The hound barely misses you.
The orc priest looks encouraged for a moment.
The orc barely misses you. x2; You block the necrophage's attack.
The orc barely misses you. The orc hits you but does no damage.
Something hits you but does no damage. The hound bites you but does no damage.
The orc hits you but does no damage. x2
The orc priest hits you with a +0 flail.
You die...

,,,,,* ,,,,,* ,,,,,*
,,,,,* *** ,,,,,*
######### *,, .....*
#.......# *,* .....#
#.§§§§§.# *****,*
.....# #§§hno§.#
*,,,,,* .....#
####..o@o§.# *,,,,,*
.....#####...§§o{o§§#
*,,,,,*
.............§.§§§§.#
*,,,,,*
.......o.....§§######
*,,,,,,
......o........#
*,,,,,*
....o#####.....#
*,,,,,*
.....#####.....#
*******
####....<#.....# **,
......o..#.....# **,,


You could see a necrophage, a hound, an orc priest and 4 orcs.

Vanquished Creatures
  Grinder (D:2)
  A water moccasin (D:6)
  A phantom (D:6)
  A necrophage (D:6)
  2 scorpions
  5 killer bees (D:6)
  2 centaur zombies (Ossuary)
  2 hounds (D:5)
  A human zombie (Ossuary)
  2 iguanas
  Natasha (thrice) (D:3)
  Terence (D:3)
  2 mummies (Ossuary)
  3 gnolls (D:6)
  5 adders
  A shadow imp (D:6)
  An ufetubus (D:5)
  A worm (D:3)
  3 dart slugs
  An orc (D:3)
  2 ball pythons (D:3)
  5 bats
  3 endoplasms
  3 giant cockroaches
  5 goblins
  6 hobgoblins
  2 jackals (D:1)
  2 quokkas
  5 frilled lizards
  3 goblin zombies (Ossuary)
  9 hobgoblin zombies (Ossuary)
  A jackal zombie (Ossuary)
  4 kobolds
  13 kobold zombies (Ossuary)
  7 orc zombies (Ossuary)
  4 rats
  A rat zombie (Ossuary)
114 creatures vanquished.

Notes
Turn   | Place    | Note
-------+----------+-------------------------------------------
     0 | D:1      | timneilson the Gargoyle Fighter began the quest for the
                  | Orb.
     0 | D:1      | Reached XP level 1. HP: 14/14 MP: 1/1
   208 | D:1      | Reached XP level 2. HP: 19/19 MP: 2/2
   495 | D:1      | Found a faded altar of an unknown god.
  1040 | D:2      | Reached XP level 3. HP: 20/23 MP: 3/3
  1252 | D:2      | Identified the +2 whip "Yruecodu" {vamp, rPois rF+ Int+3}
  1441 | D:2      | Reached XP level 4. HP: 27/28 MP: 4/4
  1818 | D:3      | Noticed Grinder
  1838 | D:2      | Paralysed by Grinder for 2 turns
  1857 | D:2      | Killed Grinder
  1858 | D:2      | Reached skill level 1 in Dodging
  1858 | D:2      | Reached XP level 5. HP: 15/33 MP: 5/5
  1858 | D:2      | Reached XP level 6. HP: 17/38 MP: 6/6
  2011 | D:3      | Noticed Natasha
  2024 | D:3      | Killed Natasha
  2033 | D:3      | Noticed Natasha
  2039 | D:3      | Killed Natasha
  2121 | D:3      | Noticed Terence
  2123 | D:3      | Noticed Natasha
  2126 | D:3      | Killed Terence
  2142 | D:3      | Killed Natasha
  2399 | D:3      | You fall into a shaft and drop 3 floors!
  2435 | D:6      | Reached skill level 5 in Shields
  2469 | D:6      | Reached skill level 5 in Armour
  2469 | D:6      | Reached XP level 7. HP: 43/43 MP: 7/7
  2585 | D:6      | Found a snail-covered altar of Cheibriados.
  2721 | D:6      | Reached XP level 8. HP: 35/48 MP: 8/8
  2762 | D:5      | Entered Level 5 of the Dungeon
  3007 | D:5      | Found a sand-covered staircase.
  3016 | Ossuary  | Entered an ossuary
  3336 | Ossuary  | Identified a scroll of acquirement
  3336 | Ossuary  | Acquired a +0 heavy double sword
  3360 | D:5      | HP: 2/48 [necrophage (6)]
  3361 | D:5      | Slain by an orc priest

Illustrated notes

Levels and vault maps discovered:
D:1:      lordsloth_arrival_two_stooges, layout_basic,
          chequers_ecumenical_altar_simple, serial_forest,
          infiniplex_forest_lined_3, infiniplex_forest_clump_diagonal,
          infiniplex_forest_clump_small, infiniplex_forest_clump_double,
          infiniplex_forest_fountain, infiniplex_forest_corner_1,
          infiniplex_forest_end_3, infiniplex_forest_lined_corner
D:2:      layout_loops_ring, grunt_decor_resistance
D:3:      layout_loops_ring, kennysheep_generic_room_3, uniq_grinder,
          uniq_terence, uniq_natasha
D:5:      minmay_polygon_palace, layout_basic, enter_ossuary_1, st_stairs_13,
          minmay_chambers_of_fives
D:6:      layout_loops_cross, marbit_many_paths, minmay_splitting_lines,
          nicolae_figureground_sparkle

Skill      XL: |  1  2  3  4  5  6  7  8 |
---------------+-------------------------+-----
Long Blades    | 2 3 4 |  4.9
Armour         | 4 5 6 |  6.3
Dodging        | 1 2 |  2.5
Shields        | 4 5 6 |  6.4
Fighting       | 4 |  4.9

Action                     |  1- 3 |  4- 6 |  7- 9 || total
---------------------------+-------+-------+-------++-------
  Melee: Long sword        |   121 |   138 |   372 ||   631
         Double sword      |       |       |    10 ||    10
    Use: Scroll            |     6 |     5 |     5 ||    16
         Potion            |       |     2 |       ||     2
 Armour: Scale mail        |    20 |       |       ||    20
         Chain mail        |    62 |    83 |   384 ||   529
  Dodge: Dodged            |    51 |    49 |   242 ||   342
  Block: Buckler           |    29 |    25 |   147 ||   201

Table legend: (Time is in decaauts)
 A = Elapsed time spent in this place.
 B = Non-inter-level travel time spent in this place.
 C = Inter-level travel time spent in this place.
 D = Time resting spent in this place.
 E = Time spent auto-exploring this place.
 F = Levels seen in this place.
 G = Mean time per level.
                   A        B        C        D        E       F      G
               +--------+--------+--------+--------+--------+-----+--------+
         Total |   3548 |   3463 |     85 |     46 |   1932 |   6 |  591.3 |
       Dungeon |   3184 |   3099 |     85 |     10 |   1857 |   5 |  636.8 |
       Ossuary |    364 |    364 |      0 |     36 |     75 |   1 |  364.0 |
               +--------+--------+--------+--------+--------+-----+--------+

Top non-repeatable levels by time:
     D:2: 1022 daAuts
     D:1: 891 daAuts
     D:3: 574 daAuts
     D:6: 482 daAuts
 Ossuary: 364 daAuts
     D:5: 214 daAuts
